 Dungeon Crawl Stone Soup version 0.21.1-1-g345015f (webtiles) character file.

2295 kae the Cleaver (level 9, -7/118 HPs)
             Began as a Hill Orc Fighter on June 1, 2018.
             Was a Follower of Makhleb.
             Mangled by kae's ghost (12 damage)
             ... on level 7 of the Dungeon.
             The game lasted 00:04:35 (5577 turns).

kae the Cleaver (Hill Orc Fighter)                  Turns: 5577, Time: 00:04:35

Health: -7/118     AC: 24    Str: 27    XL:     9   Next: 40%
Magic:  11/11      EV:  2    Int:  8    God:    Makhleb [*.....]
Gold:   395        SH: 10    Dex: 10    Spells: 8/8 levels left

rFire    . . .     SeeInvis +   a - +1 war axe (flame)
rCold    . . .     Gourm    .   c - +0 shield
rNeg     + + +     Faith    .   (armour currently unavailable)
rPois    +         Spirit   .   (helmet currently unavailable)
rElec    .         Reflect  .   (cloak currently unavailable)
rCorr    .         Harm     .   (gloves currently unavailable)
MR       .....     NoTele   +   (boots currently unavailable)
Stlth    +.........             (no amulet)
HPRegen  0.29/turn              t - ring of flight
MPRegen  0.12/turn              e - ring of see invisible

@: mighty, tree-form
A: no striking features
a: Renounce Religion


You were on level 7 of the Dungeon.
You worshipped Makhleb.
Makhleb was aware of your devotion.
You were not hungry.
You were a tree.
You visited 2 branches of the dungeon, and saw 8 of its levels.

You collected 395 gold pieces.

Inventory:

Hand Weapons
 a - a +1 war axe of flaming (weapon)
Armour
 b - a +0 scale mail (melded)
 c - a +0 shield (worn)
 k - a +1 helmet (melded)
 D - a cursed +0 cloak (melded)
Jewellery
 e - a ring of see invisible (right branch)
 t - a ring of flight (left branch)
Wands
 q - a wand of flame (36)
 w - a wand of polymorph (11)
 y - a wand of clouds (7)
Scrolls
 h - a scroll of immolation
 i - 7 scrolls of teleportation
 o - 2 scrolls of enchant armour
 p - 5 scrolls of remove curse
 s - a scroll of enchant weapon
 u - a scroll of blinking
 A - a scroll of summoning {unknown}
 E - a scroll of identify
Potions
 j - 2 potions of lignification
 l - a potion of magic
 m - 6 potions of invisibility
 n - 5 potions of curing
 r - a potion of haste
 v - a potion of brilliance {unknown}
 x - 3 potions of flight
 z - a potion of degeneration {unknown}
 C - a potion of mutation {unknown}
Books
 g - a book of Maledictions

   Spells                             Type                      Level
   a - Corona                         Hexes                        1
   b - Ensorcelled Hibernation        Hexes/Ice                    2
   c - Confuse                        Hexes                        3
   d - Tukima's Dance                 Hexes                        3
   e - Dazzling Spray                 Conjuration/Hexes            3
Comestibles
 f - 8 rations


   Skills:
 + Level 7.3 Fighting
 * Level 10.2 Axes
 + Level 6.6 Armour
 + Level 4.2 Dodging
 - Level 3.2 Shields
 + Level 3.7 Invocations


You had 8 spell levels left.
You didn't know any spells.

Dungeon Overview and Level Annotations

Branches:
Dungeon (7/15)             Temple (1/1) D:6

Altars:
Ashenzari
Cheibriados
Dithmenos
Fedhas
Hepliaklqana
Makhleb
Nemelex Xobeh
Qazlal
Ru
Sif Muna
Trog
Vehumet
Xom
Yredelemnul
Zin

Shops:
D:5 (

Annotations:
D:7 kae's ghost, novice HOFi


Message History

You slash kae's ghost! You burn kae's ghost.
Kae's ghost is moderately damaged.
You hit the orc warrior. You burn the orc warrior. Kae's ghost hits you!
* * * LOW HITPOINT WARNING * * *
The orc warrior barely misses you.
You slice kae's ghost!! You burn kae's ghost.
Kae's ghost is severely damaged.
You slash the orc warrior! You burn the orc warrior.
You kill the orc warrior!
Makhleb accepts your kill.
Kae's ghost hits you but does no damage.
Kae's ghost hits you!
* * * LOW HITPOINT WARNING * * *
You slice kae's ghost!! You burn kae's ghost.
Kae's ghost is almost destroyed.
Kae's ghost hits you but does no damage.
You hit kae's ghost.
Kae's ghost is almost destroyed.
Kae's ghost hits you!
You die... #..# #.#))...# ########)#.)...# ....#+#.....# ##.......#.# ###........#.# ...........#.# ...........#.# ......)W)).#.# ......)♣##'#+## oo..

......?.#.÷c..# ....
........#..o..# .....
........#..(..###.......
........#.>.o.'...W.....
........#..[..####......
........#.......o.......
####+#######+###o)......
#(.......


You could see kae's ghost.

Vanquished Creatures
  The ghost of kae the Insei, a novice GnTm (D:6)
  Sigmund (D:3)
  2 orc warriors (D:7)
  An ice beast (D:5)
  A sky beast (D:5)
  A phantom (D:5)
  3 ogres
  3 centaurs
  A bullfrog (D:6)
  A scorpion (D:7)
  A crimson imp (D:7)
  A quasit (D:7)
  A jelly (D:5)
  4 orc priests
  Crazy Yiuf (D:3)
  4 orc wizards
  An iguana (D:6)
  3 worker ants
  A hound skeleton (D:5)
  A howler monkey zombie (D:6)
  6 adders
  A shadow imp (D:5)
  2 oozes
  An adder zombie (D:6)
  4 worms
  7 leopard geckos
  16 orcs
  4 giant cockroaches
  10 goblins
  11 hobgoblins
  7 jackals
  9 kobolds
  6 quokkas
  2 ball pythons
  6 bats
  9 frilled lizards
  A giant cockroach zombie (D:5)
  A jackal skeleton (D:4)
  A leopard gecko skeleton (D:2)
  5 rats
142 creatures vanquished.

Notes
Turn   | Place    | Note
-------+----------+-------------------------------------------
     0 | D:1      | kae the Hill Orc Fighter began the quest for the Orb.
     0 | D:1      | Reached XP level 1. HP: 19/19 MP: 1/1
    50 | D:1      | Reached skill level 3 in Axes
    55 | D:1      | Reached XP level 2. HP: 27/27 MP: 2/2
   308 | D:1      | Reached XP level 3. HP: 33/33 MP: 3/3
   644 | D:2      | Found a stormy altar of Qazlal.
   725 | D:2      | Reached skill level 1 in Dodging
   852 | D:2      | Reached skill level 4 in Axes
   880 | D:2      | Found a shimmering altar of Xom.
   895 | D:2      | Reached XP level 4. HP: 20/40 MP: 4/4
  1270 | D:2      | Found a sparkling altar of Nemelex Xobeh.
  1489 | D:3      | Found a bloodstained altar of Trog.
  1641 | D:3      | Reached XP level 5. HP: 25/47 MP: 5/5
  1653 | D:3      | Reached skill level 5 in Axes
  1987 | D:3      | Noticed Sigmund
  1996 | D:3      | Killed Sigmund
  1996 | D:3      | Reached XP level 6. HP: 39/55 MP: 6/6
  2104 | D:3      | Found a radiant altar of Vehumet.
  2134 | D:3      | Reached skill level 5 in Fighting
  2134 | D:3      | Reached skill level 6 in Axes
  2296 | D:3      | Found a runed door.
  2326 | D:3      | Found a shattered altar of Ashenzari.
  2526 | D:3      | Noticed Crazy Yiuf
  2537 | D:3      | Killed Crazy Yiuf
  2857 | D:4      | Reached XP level 7. HP: 61/61 MP: 7/7
  3137 | D:4      | Reached skill level 7 in Axes
  3137 | D:4      | Reached skill level 5 in Armour
  3346 | D:5      | Entered Level 5 of the Dungeon
  3661 | D:5      | Found Vocaewuo's Antique Weapon Boutique.
  3949 | D:5      | Reached XP level 8. HP: 49/70 MP: 8/8
  4104 | D:5      | Reached skill level 8 in Axes
  4450 | D:5      | Found a glowing silver altar of Zin.
  4717 | D:6      | Found a staircase to the Ecumenical Temple.
  4808 | Temple   | Entered the Ecumenical Temple
  4881 | Temple   | Became a worshipper of Makhleb the Destroyer
  5136 | D:6      | Noticed kae's ghost (novice GnTm)
  5141 | D:6      | Reached skill level 1 in Invocations
  5164 | D:6      | Killed kae's ghost
  5164 | D:6      | Reached skill level 9 in Axes
  5164 | D:6      | Reached XP level 9. HP: 52/78 MP: 8/10
  5242 | D:6      | Found a blossoming altar of Fedhas.
  5337 | D:6      | Found a hazy altar of Hepliaklqana.
  5538 | D:7      | Reached * piety under Makhleb
  5546 | D:7      | Reached skill level 10 in Axes
  5551 | D:7      | Noticed kae's ghost (novice HOFi)
  5575 | D:7      | HP: 5/118 [kae's ghost (8)]
  5577 | D:7      | Mangled by kae's ghost

Skill      XL: |  1  2  3  4  5  6  7  8  9 |
---------------+----------------------------+-----
Axes           | 3 4 5 6 7 9 10 | 10.2
Fighting       | 4 5 6 7 |  7.3
Dodging        | 1 2 3 4 |  4.2
Armour         | 4 5 6 |  6.6
Invocations    | 2 3 |  3.7
Shields        | |  3.2

Action                   |  1- 3 |  4- 6 |  7- 9 || total
-------------------------+-------+-------+-------++-------
Melee: War axe           |   125 |   150 |   253 ||   528
  Use: Scroll            |       |    11 |     6 ||    17
       Potion            |       |     1 |     3 ||     4
  Eat: Chunk             |       |     7 |     9 ||    16
Armor: Scale mail        |    52 |    64 |   116 ||   232
       Skin              |       |       |    10 ||    10
Dodge: Dodged            |    36 |    41 |    98 ||   175
Block: Shield            |    70 |    54 |   133 ||   257
